[Event "Team 45 45 League T41"]
[Site "Internet Chess Club"]
[Date "2009.06.05"]
[Round "6"]
[White "Zohan"]
[Black "arconia"]
[Result "1-0"]
[WhiteElo "1394"]
[BlackElo "1317"]
[Opening "Sicilian: Grand Prix attack"]
[ECO "B23"]
[Time "20:00:10"]
[TimeControl "2700+45"]

1. e4 c5 2. Nc3 Nc6 3. f4 e6 4. Nf3 d6 5. g3 Be7 6. d4 cxd4 7. Nxd4 e5 8. Nf3
Bg4 9. h3 Bxf3 10. Qxf3 Nd4 11. Qd1 Qb6 12. Nd5 Qc5 13. c3 Ne6 14. Qa4+ Kf8 15.
Be3 Qc8 16. O-O-O Nf6 17. fxe5 dxe5 18. Nxe7 Kxe7 19. Qb4+ Ke8 20. Bb5+ Nd7 21.
Bxd7+ Qxd7 22. Rxd7 Kxd7 23. Qxb7+ Kd6 24. Rd1+ Nd4 25. Bxd4 exd4 26. Rxd4+ Ke6
27. Qd7+ Kf6 28. Rd6+ Ke5 29. Qe7# {Black checkmated} 1-0

[Event "Team 45 45 League T41"]
[Site "Internet Chess Club"]
[Date "2009.06.05"]
[Round "6"]
[White "reverendjim"]
[Black "Skylab"]
[Result "1-0"]
[WhiteElo "1314"]
[BlackElo "1207"]
[Opening "Sicilian"]
[ECO "B56"]
[Time "18:30:52"]
[TimeControl "2700+45"]

1. e4 c5 2. Nf3 d6 3. d4 cxd4 4. Nxd4 Nf6 5. Nc3 e5 6. Ndb5 a6 7. Na3 Be7 8. Bc4
b5 9. Bd5 Nxd5 10. Nxd5 Bb7 11. c4 bxc4 12. Nxc4 Bxd5 13. Qxd5 Nd7 14. Nxd6+
Bxd6 15. Qxd6 Qa5+ 16. b4 Qb6 17. Qxb6 Nxb6 18. Be3 Nc4 19. Bc5 O-O-O 20. O-O
Nd2 21. Rfe1 Rd7 22. Rac1 Kb7 23. f3 Rhd8 24. h3 g6 25. Be3 Rd3 26. Kf2 Ra3 27.
Rc2 {Black resigns} 1-0

[Event "Team 45 45 League T41"]
[Site "Internet Chess Club"]
[Date "2009.06.07"]
[Round "6"]
[White "Gomer"]
[Black "Rhayder"]
[Result "0-1"]
[WhiteElo "1136"]
[BlackElo "1152"]
[Opening "Van't Kruijs opening"]
[ECO "A00"]
[Time "03:12:02"]
[TimeControl "2700+45"]

1. e3 Nf6 2. d4 g6 3. Nf3 Bg7 4. Nc3 O-O 5. Bd3 d6 6. O-O Na6 7. Bxa6 bxa6 8. e4
Bb7 9. e5 Nd5 10. Nxd5 Bxd5 11. Ng5 Rb8 12. exd6 cxd6 13. Qd3 Qb6 14. b3 Bxd4
15. c3 Qc6 16. Qxd4 Bxg2 17. Re1 h6 18. Ne4 Bh3 19. Bxh6 e5 20. Qxa7 f5 21. Ng5
Qg2# {White checkmated} 0-1

[Event "Team 45 45 League T41"]
[Site "Internet Chess Club"]
[Date "2009.06.05"]
[Round "6"]
[White "guyd52"]
[Black "cobra2008"]
[Result "1/2-1/2"]
[WhiteElo "1361"]
[BlackElo "1483"]
[Opening "Queen's bishop game"]
[ECO "D02"]
[Time "18:30:05"]
[TimeControl "2700+45"]

1. Nf3 d5 2. d4 Nf6 3. Bf4 Bf5 4. h3 h6 5. e3 Nbd7 6. Nc3 c6 7. Bd3 Ne4 8. Bxe4
dxe4 9. Nd2 Nf6 10. f3 exf3 11. Nxf3 e6 12. a3 Be7 13. Qe2 b5 14. O-O-O Ne4 15.
Nxe4 Bxe4 16. Nd2 Bh7 17. Qf3 Qc8 18. Rhf1 f6 19. e4 g5 20. Qh5+ Kd7 21. Bh2 Re8
22. Qxh6 Bg8 23. e5 f5 24. Nf3 Qa6 25. Nxg5 Bxa3 26. bxa3 Qxa3+ 27. Kd2 Qb4+ 28.
Kc1 Qa3+ {Game drawn by mutual agreement} 1/2-1/2

[Event "Team 45 45 League T41"]
[Site "Internet Chess Club"]
[Date "2009.06.06"]
[Round "6"]
[White "rgadoury"]
[Black "CoasterBrake"]
[Result "0-1"]
[WhiteElo "1194"]
[BlackElo "1249"]
[Opening "Caro-Kann: exchange variation"]
[ECO "B13"]
[Time "16:01:10"]
[TimeControl "2700+45"]

1. e4 c6 2. d4 d5 3. exd5 cxd5 4. Nf3 Nc6 5. Nc3 Bf5 6. Bf4 e6 7. Bb5 a6 8.
Bxc6+ bxc6 9. O-O Bd6 10. Bxd6 Qxd6 11. b3 Nf6 12. h3 O-O 13. Nh4 Qb4 14. Nxf5
exf5 15. Qd3 Ne4 16. Nxe4 fxe4 17. Qe3 Qd6 18. c4 Rfe8 19. c5 Qe6 20. f3 exf3
21. Qxe6 Rxe6 22. Rxf3 Re2 23. a3 Rae8 24. Kf1 R2e3 25. Rxe3 Rxe3 26. Re1 Rxe1+
27. Kxe1 Kf8 28. b4 Ke7 29. Ke2 f5 30. Kf3 g6 31. Kf4 Kf6 32. h4 h6 33. g3 g5+
34. hxg5+ hxg5+ 35. Kf3 g4+ 36. Kf4 Ke6 37. a4 Kf6 38. b5 cxb5 39. axb5 axb5 40.
c6 Ke6 41. c7 Kd7 42. c8=Q+ Kxc8 43. Kxf5 b4 44. Kxg4 b3 {White resigns} 0-1

[Event "Team 45 45 League T41"]
[Site "Internet Chess Club"]
[Date "2009.06.05"]
[Round "6"]
[White "farbror"]
[Black "taichichen"]
[Result "1-0"]
[WhiteElo "1262"]
[BlackElo "1181"]
[Opening "Vienna gambit"]
[ECO "C29"]
[Time "11:51:17"]
[TimeControl "2700+45"]

1. e4 e5 2. Nc3 Nf6 3. f4 exf4 4. d4 c6 5. Bxf4 d5 6. e5 Ne4 7. Qf3 Nxc3 8. bxc3
g6 9. Bd3 Bg7 10. Ne2 O-O 11. O-O Nd7 12. Qe3 Re8 13. Bh6 Qe7 14. Bxg7 Kxg7 15.
Rf3 Nb6 16. Raf1 Be6 17. Nf4 Rf8 18. Nxe6+ fxe6 19. Rh3 Rxf1+ 20. Bxf1 Kg8 21.
Bd3 Rf8 22. Qh6 Qf7 23. Rf3 Qg7 24. Qh3 Rxf3 25. gxf3 Na4 26. Qxe6+ Qf7 27.
Qxf7+ Kxf7 28. c4 Nc3 29. cxd5 cxd5 30. a3 Nb5 31. Bxb5 a6 32. Bd3 Ke6 33. Kg2
a5 34. Kg3 b6 35. Kg4 Kf7 36. Kg5 Kg7 37. f4 h6+ 38. Kg4 a4 39. Bb5 Kf7 40. Bxa4
Ke6 41. c3 Kf7 42. Bb3 {Black resigns} 1-0

[Event "Team 45 45 League T41"]
[Site "Internet Chess Club"]
[Date "2009.06.06"]
[Round "6"]
[White "baseball613"]
[Black "peterts"]
[Result "1-0"]
[WhiteElo "1295"]
[BlackElo "964"]
[Opening "Queen's pawn"]
[ECO "A40"]
[Time "15:51:58"]
[TimeControl "2700+45"]

1. d4 Nh6 2. e4 g6 3. Nf3 e6 4. Nc3 Bg7 5. Bf4 c6 6. g3 O-O 7. Bg2 d5 8. exd5
cxd5 9. O-O Ng4 10. Qd2 e5 11. dxe5 Nxe5 12. Bxe5 Bxe5 13. Nxe5 d4 14. Ne2 Nc6
15. Nxc6 bxc6 16. Bxc6 Rb8 17. Qxd4 Bb7 18. Bxb7 Rxb7 19. Qxd8 Rxd8 20. b3 Rd2
21. Nc3 Rxc2 22. Rac1 Rd2 23. Rfd1 Rdd7 24. Rxd7 Rxd7 25. Rd1 Rc7 26. Nb5 Rb7
27. a4 a5 28. Rd8+ Kg7 29. Ra8 Rd7 30. Kg2 Rd3 31. Rxa5 Rxb3 32. Nc7 Rb4 33. h4
h5 34. Kh3 f5 35. Ra7 Rb2 36. Ne8+ Kh6 37. Nf6 Rxf2 38. Rh7# {Black checkmated}
1-0

[Event "Team 45 45 League T41"]
[Site "Internet Chess Club"]
[Date "2009.06.06"]
[Round "6"]
[White "dondel"]
[Black "Zohan"]
[Result "0-1"]
[WhiteElo "1335"]
[BlackElo "1408"]
[Opening "English: Caro-Kann defensive system"]
[ECO "A11"]
[Time "17:29:59"]
[TimeControl "2700+45"]

1. c4 c6 2. Nc3 Nf6 3. e4 e5 4. Nf3 d6 5. d4 exd4 6. Nxd4 c5 7. Nf5 Bxf5 8. exf5
Nc6 9. g3 Nd4 10. Bg2 Rb8 11. O-O Nxf5 12. Qa4+ Nd7 13. Qxa7 Be7 14. Qa4 O-O 15.
Nd5 Ra8 16. Nxe7+ Qxe7 17. Qd1 Rab8 18. Re1 Qd8 19. Bh3 Nd4 20. Bf4 Nf6 21. b4
Qc7 22. b5 Rbe8 23. Rxe8 Rxe8 24. Bg5 Re1+ {White resigns} 0-1

[Event "Team 45 45 League T41"]
[Site "Internet Chess Club"]
[Date "2009.06.05"]
[Round "6"]
[White "jjaillet2007"]
[Black "Skylab"]
[Result "1/2-1/2"]
[WhiteElo "1273"]
[BlackElo "1210"]
[Opening "Nimzo-Indian: Leningrad variation"]
[ECO "E30"]
[Time "22:00:05"]
[TimeControl "2700+45"]

1. d4 Nf6 2. c4 e6 3. Nc3 Bb4 4. Bg5 c5 5. a3 Bxc3+ 6. bxc3 cxd4 7. cxd4 O-O 8.
e4 h6 9. Bh4 g5 10. Bg3 Nxe4 11. Qd3 Qa5+ 12. Ke2 d5 13. Nf3 Qc3 14. Qxc3 Nxc3+
15. Kd3 Ne4 16. cxd5 exd5 17. Ne5 Nc6 18. f3 Nxg3 19. hxg3 Nxe5+ 20. dxe5 Kh7
21. f4 gxf4 22. gxf4 Bf5+ 23. Kd4 Be4 24. Bd3 Bxd3 25. Kxd3 Rfd8 26. g4 Kg7 27.
Rh2 b5 28. Rah1 Rh8 29. f5 a5 30. Rc2 Ra7 31. Rc5 Rb7 32. Rxd5 b4 33. axb4 axb4
34. Kc4 b3 35. Rb5 Rc8+ 36. Rc5 Rcb8 37. Rb1 b2 38. Kc3 Rb3+ 39. Kc2 Rg3 40. e6
Rg2+ 41. Kd3 Rb7 42. exf7 Kxf7 43. Rc6 Rxg4 44. Rxh6 Rg3+ 45. Ke2 Kg7 46. Ra6
Rc3 47. Kd2 Rf3 48. f6+ Rxf6 49. Rxf6 Kxf6 50. Kc2 Ke6 51. Rxb2 Rxb2+ 52. Kxb2
{Game drawn because neither player has mating material} 1/2-1/2

[Event "Team 45 45 League T41"]
[Site "Internet Chess Club"]
[Date "2009.06.09"]
[Round "6"]
[White "WzeroMN"]
[Black "ars-felidae"]
[Result "0-1"]
[WhiteElo "1191"]
[BlackElo "1239"]
[Opening "Sicilian: Taimanov variation"]
[ECO "B45"]
[Time "10:05:22"]
[TimeControl "2700+45"]

1. e4 c5 2. Nf3 Nc6 3. d4 cxd4 4. Nxd4 e6 5. Nc3 Bc5 6. Nxc6 bxc6 7. Bc4 d5 8.
exd5 cxd5 9. Bb5+ Bd7 10. Bxd7+ Qxd7 11. Bf4 Nf6 12. Qe2 d4 13. Qb5 dxc3 14.
Qxc5 Ne4 15. Qe3 cxb2 16. Rb1 Qb7 17. O-O O-O 18. f3 Nf6 19. Qb3 Qa6 20. Qxb2
Nd5 21. Be5 f6 22. Bd4 Qd6 23. Rfd1 Rab8 24. Qa1 Qc7 25. Rxb8 Rxb8 26. Rb1 Nb4
27. Qb2 Nc6 28. Qc1 Nxd4 29. Rxb8+ Qxb8 30. Qd1 Qb6 31. c4 Nxf3+ 32. Kh1 Ne5 33.
Qc1 Nxc4 {White resigns} 0-1

[Event "Team 45 45 League T41"]
[Site "Internet Chess Club"]
[Date "2009.06.06"]
[Round "6"]
[White "wbanks"]
[Black "Sapienza"]
[Result "1-0"]
[WhiteElo "1781"]
[BlackElo "1604"]
[Opening "Petrov: classical attack"]
[ECO "C42"]
[Time "12:16:48"]
[TimeControl "2700+45"]

1. e4 e5 2. Nf3 Nf6 3. Nxe5 d6 4. Nf3 Nxe4 5. d4 d5 6. Bd3 Nf6 7. Bg5 Be7 8. O-O
O-O 9. Nbd2 Bg4 10. c3 Nbd7 11. Re1 Re8 12. Rc1 c6 13. Bb1 h6 14. Bh4 Rc8 15.
Qc2 g6 16. Ne5 Bf5 17. Qd1 Bxb1 18. Rxb1 g5 19. Bg3 Nxe5 20. Bxe5 Bd6 21. Nf3
Ne4 22. Bxd6 Qxd6 23. Ne5 Re6 24. Qh5 Rf6 25. Re2 Qf8 26. f3 Nd6 27. Nd7 Qg7 28.
Nxf6+ Qxf6 29. Rbe1 Kg7 30. Qg4 Qg6 31. Qd7 {Black resigns} 1-0

[Event "Team 45 45 League T41"]
[Site "Internet Chess Club"]
[Date "2009.06.06"]
[Round "6"]
[White "jacknor"]
[Black "arriero55"]
[Result "1-0"]
[WhiteElo "1588"]
[BlackElo "1443"]
[Opening "Sicilian: closed"]
[ECO "B23"]
[Time "14:01:33"]
[TimeControl "2700+45"]

1. e4 c5 2. Nc3 e6 3. f4 a6 4. Nf3 Nc6 5. g3 Nf6 6. Bg2 d5 7. e5 Nd7 8. O-O Be7
9. d3 h6 10. Ne2 O-O 11. Be3 b5 12. c3 Bb7 13. d4 c4 14. g4 Kh7 15. Qc2+ g6 16.
f5 Qe8 17. h4 Rg8 18. f6 Bf8 19. h5 Kh8 20. hxg6 fxg6 21. g5 h5 22. Nh4 Qf7 23.
Kf2 b4 24. Rh1 bxc3 25. bxc3 Ba3 26. Raf1 Na7 27. Nf4 Nf8 28. Bf3 Bc6 29. Rb1
Nb5 30. Bxh5 gxh5 31. g6 Nxg6 32. Nhxg6+ Rxg6 33. Nxg6+ {Black resigns} 1-0

[Event "Team 45 45 League T41"]
[Site "Internet Chess Club"]
[Date "2009.06.05"]
[Round "6"]
[White "betto2506"]
[Black "Makaen"]
[Result "1-0"]
[WhiteElo "1441"]
[BlackElo "1502"]
[Opening "Caro-Kann: classical variation"]
[ECO "B18"]
[Time "22:00:07"]
[TimeControl "2700+45"]

1. e4 c6 2. d4 d5 3. Nc3 dxe4 4. Nxe4 Bf5 5. Ng3 Bg6 6. Nf3 Nd7 7. Nh4 e6 8.
Nxg6 hxg6 9. Bd3 Ngf6 10. Bg5 Qa5+ 11. Qd2 Qd5 12. f3 Qxd4 13. c3 Qb6 14. Be3
Qc7 15. Bf4 Bd6 16. Bxd6 Qxd6 17. O-O-O O-O-O 18. Ne4 Nxe4 19. Bxe4 Qxd2+ 20.
Rxd2 Nf6 21. Rxd8+ Rxd8 22. Bc2 Nd5 23. g3 Rh8 24. Kd2 Rh5 25. f4 g5 26. Bd1 Rh8
27. fxg5 Rd8 28. h4 Nb4+ 29. Ke2 Nd3 30. b3 Nc1+ 31. Ke3 Nxa2 32. c4 Nc1 33. Bc2
Na2 34. Rd1 Nb4 35. Rxd8+ Kxd8 36. Bb1 g6 37. g4 Ke8 38. h5 Kf8 39. Ke4 Na6 40.
Ke5 Nc7 41. h6 Ne8 42. Bd3 Kg8 43. b4 Kf8 44. b5 c5 45. Be4 b6 46. Bc6 Nc7 47.
Kd6 a5 48. bxa6 Nxa6 49. Bb5 Nb4 50. Ke5 Nd3+ 51. Ke4 Nf2+ 52. Kf3 Nd3 53. Be8
Ne5+ 54. Kf4 Nxc4 55. h7 Kg7 56. Bxf7 Kxh7 57. Bxe6 Kg7 58. Bxc4 b5 59. Bxb5 c4
60. Bxc4 Kh7 61. Ke5 Kg7 62. Ke6 Kh7 63. Bd3 Kg7 64. Be4 Kh7 65. Kf6 Kh8 66.
Kxg6 Kg8 67. Kf6 Kh8 68. g6 Kg8 69. g5 Kh8 70. g7+ Kg8 71. Bd5+ Kh7 72. g8=Q#
{Black checkmated} 1-0

[Event "Team 45 45 League T41"]
[Site "Internet Chess Club"]
[Date "2009.06.07"]
[Round "6"]
[White "b-spot"]
[Black "Walker42"]
[Result "0-1"]
[WhiteElo "1670"]
[BlackElo "1758"]
[Opening "Nimzo-Indian: classical variation"]
[ECO "E32"]
[Time "18:00:17"]
[TimeControl "2700+45"]

1. d4 Nf6 2. c4 e6 3. Nc3 Bb4 4. Qc2 b6 5. e4 Bxc3+ 6. bxc3 d6 7. Bg5 h6 8. Bh4
g5 9. Bg3 Bb7 10. Bd3 Nbd7 11. Nf3 Nh5 12. Qd2 Nxg3 13. hxg3 g4 14. Ng5 Qe7 15.
Qf4 O-O-O 16. Nxf7 Rhf8 17. Nxd6+ cxd6 18. Qxg4 Qf6 19. O-O Kb8 20. a4 e5 21. d5
h5 22. Qxh5 Rh8 23. Qf5 Qh6 24. f4 Qh2+ 25. Kf2 Rhg8 26. Qh3 Rh8 27. Qxh2 Rxh2
28. a5 Rg8 29. axb6 axb6 30. f5 Rh7 31. Rh1 Rhg7 32. Rh3 Nc5 33. Be2 Nxe4+ 34.
Ke3 Nxg3 35. f6 Rf7 36. Rh6 Nf5+ {White resigns} 0-1

[Event "Team 45 45 League T41"]
[Site "Internet Chess Club"]
[Date "2009.06.09"]
[Round "6"]
[White "imawesome"]
[Black "civilization"]
[Result "0-1"]
[WhiteElo "1525"]
[BlackElo "1666"]
[Opening "Sicilian: Alapin's variation (2.c3)"]
[ECO "B22"]
[Time "14:03:57"]
[TimeControl "2700+45"]

1. e4 c5 2. c3 e6 3. d4 d5 4. exd5 exd5 5. Nf3 Nc6 6. Be3 cxd4 7. Nxd4 Nf6 8.
Bd3 Be7 9. O-O O-O 10. Nd2 Re8 11. Qc2 g6 12. N2f3 Ng4 13. Bf4 Bd6 14. Bxd6 Qxd6
15. Nxc6 bxc6 16. h3 Ne5 17. Nxe5 Rxe5 18. Rfe1 Bd7 19. Rad1 Rae8 20. Qd2 Qe6
21. Kf1 Qf6 22. Rxe5 Rxe5 23. Re1 Kg7 24. Re3 Qg5 25. Qe2 Rxe3 26. Qxe3 Qxe3 27.
fxe3 Kf6 28. Kf2 Ke5 29. Kf3 Bf5 30. Bxf5 Kxf5 31. g4+ Ke5 32. b4 a6 33. a3 h6
34. h4 g5 35. hxg5 hxg5 36. Ke2 f5 37. gxf5 Kxf5 38. Kf3 g4+ 39. Kg3 Ke4 40.
Kxg4 Kxe3 {White resigns} 0-1

[Event "Team 45 45 League T41"]
[Site "Internet Chess Club"]
[Date "2009.06.07"]
[Round "6"]
[White "knight2f3"]
[Black "Zappy"]
[Result "0-1"]
[WhiteElo "1518"]
[BlackElo "1621"]
[Opening "Bogo-Indian defense, Grünfeld variation"]
[ECO "E11"]
[Time "14:10:56"]
[TimeControl "2700+45"]

1. d4 Nf6 2. Nf3 e6 3. c4 Bb4+ 4. Nbd2 d5 5. Qa4+ Nc6 6. a3 Be7 7. g3 Bd7 8. Qc2
O-O 9. Bg2 Nb8 10. O-O c5 11. cxd5 cxd4 12. Nxd4 Nxd5 13. e4 Nb6 14. e5 Nc6 15.
Nxc6 Bxc6 16. Bxc6 Rc8 17. Qe4 Rxc6 18. Nf3 Qd5 19. Qxd5 Nxd5 20. Nd4 Rc4 21. b3
Rxd4 22. Bb2 Rd3 23. b4 Nb6 24. Rac1 Rc8 25. Rxc8+ Nxc8 26. Rc1 Nb6 27. Rc7 Rd7
28. Rc2 h6 29. Kg2 Nd5 30. Kf3 Rc7 31. Rd2 a5 32. bxa5 Rc5 33. Rd3 Rxa5 34. Rb3
b6 35. h4 Ra8 36. Kg4 Rc8 37. f4 Rc2 38. Bd4 Bc5 39. Bxc5 Rxc5 40. a4 Rc4 41.
Ra3 Rc5 42. Rb3 Ra5 43. Rb2 Rxa4 44. Rc2 Ne3+ {White resigns} 0-1

[Event "Team 45 45 League T41"]
[Site "Internet Chess Club"]
[Date "2009.06.05"]
[Round "6"]
[White "mrmarck"]
[Black "lawth3"]
[Result "1-0"]
[WhiteElo "1206"]
[BlackElo "1099"]
[Opening "Caro-Kann: exchange variation"]
[ECO "B13"]
[Time "17:01:16"]
[TimeControl "2700+45"]

1. e4 c6 2. d4 d5 3. exd5 cxd5 4. Nf3 Bg4 5. Nc3 e6 6. Be2 Nf6 7. O-O Nc6 8. Bg5
Be7 9. Re1 O-O 10. Ne5 Bxe2 11. Nxe2 Qc7 12. Ng3 h6 13. Bxf6 Bxf6 14. f4 Qb6 15.
c3 Qxb2 16. Nd7 Rfc8 17. Nxf6+ gxf6 18. Qg4+ Kf8 19. Nh5 Ke7 20. Rab1 Qxa2 21.
Rxb7+ Kd6 22. Rxf7 Rg8 23. Qxe6# {Black checkmated} 1-0

[Event "Team 45 45 League T41"]
[Site "Internet Chess Club"]
[Date "2009.06.05"]
[Round "6"]
[White "The-Capitalist"]
[Black "jocooper"]
[Result "1-0"]
[WhiteElo "1307"]
[BlackElo "1162"]
[Opening "Pirc defense"]
[ECO "B07"]
[Time "21:00:06"]
[TimeControl "2700+45"]

1. e4 d6 2. d4 Nf6 3. Nc3 g6 4. f3 Bg7 5. Be3 O-O 6. Bc4 Nbd7 7. Nge2 c6 8. O-O
b5 9. Bb3 e5 10. d5 cxd5 11. Bxd5 Nxd5 12. Qxd5 Nb6 13. Qxb5 Bd7 14. Qd3 Be6 15.
b3 Nd7 16. Qxd6 Nb6 17. Qxd8 Rfxd8 18. Rfd1 Bf6 19. a4 Rd7 20. a5 Nc8 21. Rxd7
Bxd7 22. Rd1 Be8 23. Nd5 Bd8 24. b4 a6 25. Nb6 Nxb6 26. axb6 Bb5 27. b7 Rb8 28.
Ba7 Bb6+ 29. Bxb6 Rxb7 30. Bd8 Bxe2 31. Rd2 Bc4 32. Bf6 Rb8 33. Bxe5 Re8 34. Bf6
h5 35. h4 Kh7 36. c3 Rg8 37. Rd7 Be6 38. Ra7 Bc4 39. Rc7 Be6 40. Rc5 Rc8 41. Ra5
Bc4 42. Rc5 Be6 43. Rxc8 Bxc8 44. c4 Kg8 45. c5 Kf8 46. Kf2 Ke8 47. Ke3 Kd7 48.
Kd4 Kc6 49. Kc3 Be6 50. g3 Kb5 51. Bd8 Bd7 52. e5 Be6 53. Ba5 Bd5 54. f4 Bc6 55.
Kd4 Bd7 56. Kd5 Be6+ 57. Kd6 Bf5 58. c6 Be6 59. c7 Bf5 60. Ke7 Be6 61. Kd8 Kc6
62. c8=Q+ Bxc8 63. Kxc8 Kd5 64. Kb7 Ke6 65. Kxa6 Kd7 66. Kb7 Ke6 67. Kc7 Kd5 68.
b5 Kc5 69. b6 Kb5 70. Be1 Ka6 71. b7 {Black resigns} 1-0

[Event "Team 45 45 League T41"]
[Site "Internet Chess Club"]
[Date "2009.06.07"]
[Round "6"]
[White "furrbrain"]
[Black "RancidTurnip"]
[Result "0-1"]
[WhiteElo "1165"]
[BlackElo "1219"]
[Opening "Scandinavian (center counter) defense"]
[ECO "B01"]
[Time "16:00:04"]
[TimeControl "2700+45"]

1. e4 d5 2. exd5 Qxd5 3. Nc3 Qa5 4. d4 c6 5. Nf3 Nf6 6. Bd2 e6 7. a3 Bd6 8. Ne4
Qd8 9. Nxd6+ Qxd6 10. Bd3 c5 11. O-O cxd4 12. h3 Nc6 13. c4 dxc3 14. Bxc3 Nh5
15. Bb5 Qc5 16. Qd3 Nf4 17. Qc4 Qxc4 18. Bxc4 O-O 19. Rad1 a6 20. Kh2 b5 21. Bd3
Nxd3 22. Rxd3 Bb7 23. Rfd1 f6 24. Rd7 Rab8 25. Rc7 Rf7 26. Rxf7 Kxf7 27. Rd7+
Kf8 28. Nh4 a5 29. b3 b4 30. Bb2 bxa3 31. Bxa3+ Nb4 32. Bxb4+ axb4 33. Kg3 Bd5
34. Nf3 Bxb3 35. Nd4 Bd5 36. Nc2 b3 37. Na3 b2 38. Nb1 Ba2 39. Rd1 g5 40. Kg4
Kg7 41. Kh5 Rb5 42. g4 Rd5 43. Re1 e5 {White resigns} 0-1

[Event "Team 45 45 League T41"]
[Site "Internet Chess Club"]
[Date "2009.06.07"]
[Round "6"]
[White "JimGaming"]
[Black "milesotoole"]
[Result "0-1"]
[WhiteElo "1280"]
[BlackElo "1330"]
[Opening "Caro-Kann: exchange variation"]
[ECO "B13"]
[Time "14:00:15"]
[TimeControl "2700+45"]

1. e4 c6 2. d4 d5 3. exd5 cxd5 4. Bd3 g6 5. c3 Bg7 6. Bg5 Qb6 7. Qd2 e5 8. Be3
e4 9. Bf1 Nf6 10. Bh6 Bxh6 11. Qxh6 Qxb2 12. Ne2 Qxa1 13. Qc1 Qxa2 14. h3 O-O
15. Nd2 Nc6 16. Qb1 Qxb1+ 17. Nxb1 Bd7 18. Nc1 Na5 19. Be2 Nc4 20. Nb3 Ba4 21.
Nc5 Bc2 22. Nd2 b6 23. Nxc4 bxc5 24. Ne3 Bd3 25. f4 Bxe2 26. Kxe2 cxd4 27. cxd4
a5 28. g4 Rab8 29. Kd2 Rfd8 30. f5 a4 31. fxg6 fxg6 32. Rf1 Kg7 33. g5 Nh5 34.
Ng4 Rb2+ 35. Kc3 a3 36. Ne5 Rc8+ 37. Nc4 Rxc4# {White checkmated} 0-1

[Event "Team 45 45 League T41"]
[Site "Internet Chess Club"]
[Date "2009.06.04"]
[Round "6"]
[White "Newcastler"]
[Black "blkmagic"]
[Result "0-1"]
[WhiteElo "1191"]
[BlackElo "1281"]
[Opening "Queen's gambit declined"]
[ECO "D30"]
[Time "23:01:59"]
[TimeControl "2700+45"]

1. d4 d5 2. c4 e6 3. Nf3 Bb4+ 4. Bd2 Nc6 5. Bxb4 Nxb4 6. Qa4+ Nc6 7. Ne5 Ne7 8.
Nf3 O-O 9. e3 b6 10. cxd5 exd5 11. a3 Bg4 12. Be2 Bxf3 13. Bxf3 Qd6 14. Nc3 a6
15. O-O b5 16. Qc2 b4 17. Na4 a5 18. Nc5 Rab8 19. Bg4 Rfe8 20. Nd7 Rb7 21. Nc5
Rb6 22. a4 Ng6 23. Nd7 Ra6 24. Qd3 Raa8 25. Rac1 Re4 26. f3 Rxg4 27. Nf6+ Qxf6
28. fxg4 Qe6 29. h3 Re8 30. Rfe1 Qf6 31. Rf1 Qe6 32. Rce1 h6 33. e4 dxe4 34. Qd1
Qd6 35. d5 Qc5+ 36. Kh1 Nd4 37. Re3 Qxd5 38. Rfe1 Nh4 39. Qb1 c5 40. Rxe4 Rxe4
41. Rxe4 g6 42. Re8+ Kg7 43. Qe4 Qxe4 44. Rxe4 f5 45. Re5 Nb3 46. Re7+ Kf6 47.
Rh7 fxg4 48. Rxh6 Nf5 49. Rh8 gxh3 50. Rxh3 c4 51. Rf3 Kg5 52. Kh2 Kg4 53. Rh3
g5 54. Rh8 Nd2 55. Ra8 c3 56. bxc3 bxc3 57. Rxa5 Ne3 58. Rc5 Ndc4 59. a5 c2 60.
a6 c1=Q 61. a7 Nf1+ 62. Kg1 Ng3+ 63. Kf2 Qf1# {White checkmated} 0-1

[Event "Team 45 45 League T41"]
[Site "Internet Chess Club"]
[Date "2009.06.04"]
[Round "6"]
[White "stillday"]
[Black "ffplayer"]
[Result "1-0"]
[WhiteElo "1156"]
[BlackElo "1076"]
[Opening "King's pawn opening"]
[ECO "B07"]
[Time "15:00:02"]
[TimeControl "2700+45"]

1. e4 d6 2. Nf3 Nf6 3. d4 Nbd7 4. Bd3 g6 5. Bg5 e5 6. d5 Bg7 7. Qd2 O-O 8. Bh6
Bxh6 9. Qxh6 b6 10. O-O Nc5 11. Ng5 Ng4 12. Qxh7# {Black checkmated} 1-0

[Event "Team 45 45 League T41"]
[Site "Internet Chess Club"]
[Date "2009.06.05"]
[Round "6"]
[White "klt713"]
[Black "sere"]
[Result "1-0"]
[WhiteElo "1105"]
[BlackElo "954"]
[Opening "Queen's pawn: Charlick (Englund) gambit"]
[ECO "C21"]
[Time "13:01:16"]
[TimeControl "2700+45"]

1. d4 e5 2. e4 d5 3. exd5 Qxd5 4. Be3 exd4 5. Bxd4 Nc6 6. Nf3 Nxd4 7. Nxd4 Nf6
8. f3 Bc5 9. c3 O-O 10. Be2 Bd7 11. Na3 Rfe8 12. Qd2 Re7 13. O-O Rae8 14. Kh1
Bxd4 15. cxd4 Rxe2 16. Qd1 Rxb2 17. Qc1 Rxa2 18. Rxa2 Qxa2 19. Nc2 Re2 20. Ne3
Bb5 21. Re1 Rxe1+ 22. Qxe1 Qe2 23. Qc1 Bc4 24. Nxc4 Nd5 25. h3 b5 26. Qg5 c6 27.
Qd8+ Qe8 28. Qxe8# {Black checkmated} 1-0

[Event "Team 45 45 League T41"]
[Site "Internet Chess Club"]
[Date "2009.06.07"]
[Round "6"]
[White "Razorbackchess"]
[Black "AVEMARIA"]
[Result "1-0"]
[WhiteElo "1774"]
[BlackElo "1679"]
[Opening "Queen's Indian: Petrosian system"]
[ECO "E12"]
[Time "17:01:31"]
[TimeControl "2700+45"]

1. d4 Nf6 2. c4 e6 3. Nf3 b6 4. a3 Bb7 5. Nc3 d5 6. cxd5 Nxd5 7. e3 Be7 8. Bb5+
c6 9. Bd3 Ba6 10. O-O Bxd3 11. Qxd3 O-O 12. e4 Nxc3 13. bxc3 Nd7 14. c4 Re8 15.
Rd1 Qc7 16. Be3 Rad8 17. Qe2 c5 18. d5 exd5 19. exd5 Bf6 20. Rab1 Ne5 21. Bf4
Nxf3+ 22. Qxf3 Be5 23. Bxe5 Qxe5 24. g3 Rd6 25. Rd3 Rf6 26. Qe3 Qb8 27. Qd2 Qd6
28. Re3 Rxe3 29. Qxe3 g6 30. Re1 Kg7 31. Qe7 a5 32. Qxd6 Rxd6 33. a4 h5 34. Re8
Kf6 35. f4 Kf5 36. Re5+ Kf6 37. Re8 Kf5 38. Kg2 Kf6 39. Kf3 Kg7 40. Ke4 f6 41.
Re6 Rxe6+ 42. dxe6 Kf8 43. Kd5 Ke7 44. Kc6 Kxe6 45. Kxb6 g5 46. fxg5 fxg5 47.
Kxc5 Kf5 48. Kd6 Kg4 49. c5 Kh3 50. c6 Kxh2 51. c7 Kxg3 52. c8=Q g4 53. Qc3+ Kh4
54. Qxa5 g3 55. Qe1 Kh3 56. Qh1+ Kg4 57. a5 h4 58. a6 h3 59. Qe4+ Kg5 60. Qf3
{Black resigns} 1-0

[Event "Team 45 45 League T41"]
[Site "Internet Chess Club"]
[Date "2009.06.07"]
[Round "6"]
[White "twintower"]
[Black "Lionskins"]
[Result "0-1"]
[WhiteElo "1469"]
[BlackElo "1683"]
[Opening "Sicilian: Steinitz variation"]
[ECO "B20"]
[Time "20:40:00"]
[TimeControl "2700+45"]

1. e4 c5 2. g3 Nc6 3. Bg2 e6 4. f4 g6 5. Nf3 h6 6. O-O Nf6 7. d3 Qb6 8. Kh1 Be7
9. Na3 a6 10. Be3 Ng4 11. Bg1 h5 12. Nc4 Qc7 13. Bh3 b5 14. Ne3 Nxe3 15. Bxe3
Bb7 16. Bg2 O-O-O 17. Ng5 Rdf8 18. c3 f6 19. Nf3 Rfg8 20. Rc1 g5 21. d4 g4 22.
Nh4 Na5 23. b3 f5 24. exf5 Bxg2+ 25. Nxg2 h4 26. Nxh4 Bxh4 27. gxh4 Qc6+ 28. Kg1
Rxh4 29. Rc2 g3 30. h3 Rxh3 31. Qf3 Qxf3 32. Rxf3 Rgh8 33. Rd2 exf5 34. Kg2 Rh2+
35. Kxg3 R8h3# {White checkmated} 0-1

[Event "Team 45 45 League T41"]
[Site "Internet Chess Club"]
[Date "2009.06.07"]
[Round "6"]
[White "GadsHill"]
[Black "stputte"]
[Result "1-0"]
[WhiteElo "1569"]
[BlackElo "1416"]
[Opening "Benoni defense"]
[ECO "A61"]
[Time "11:00:37"]
[TimeControl "2700+45"]

1. d4 Nf6 2. c4 c5 3. d5 e6 4. Nc3 exd5 5. cxd5 d6 6. Nf3 g6 7. Bf4 a6 8. e4 b5
9. Qe2 Nh5 10. Bg5 f6 11. Be3 Bg4 12. h3 Bxf3 13. Qxf3 Nd7 14. Bd3 Ne5 15. Qd1
Qd7 16. O-O Ng7 17. Rc1 f5 18. f4 Nxd3 19. Qxd3 fxe4 20. Qxe4+ Qe7 21. Qf3 Nf5
22. Bxc5 O-O-O 23. Bf2 Kb8 24. Ne2 Bg7 25. g4 Nh4 26. Qd3 Bxb2 27. Rc2 Bg7 28.
Rc6 Rd7 29. Rxa6 Re8 30. Qxb5+ Rb7 31. Ba7+ Kc8 32. Rc1+ Rc7 33. Qb7+ Kd8 34.
Qb8+ Kd7 35. Rxc7# {Black checkmated} 1-0